 Dungeon Crawl Stone Soup version 0.18-a0-1799-g6250cb2 (webtiles) character file.

50 wvc the Slasher (level 3, -4/24 HPs)
             Began as a High Elf Gladiator on Apr 23, 2016.
             Slain by a gnoll
             ... wielding a +0 club
              (14 damage)
             ... on level 2 of the Dungeon.
             The game lasted 00:01:52 (1503 turns).

wvc the Slasher (High Elf Gladiator)                Turns: 1503, Time: 00:01:53

Health: -4/24      AC:  4    Str: 14    XL:     3   Next: 55%
Magic:  4/4        EV: 14    Int: 12    God:
Gold:   53         SH:  0    Dex: 20    Spells: 0 memorised, 2 levels left

rFire  . . .     SeeInvis .     a - +0 long sword
rCold  . . .     Gourm    .     b - +0 leather armour
rNeg   . . .     Faith    .     (no shield)
rPois  .         Spirit   .     c - +0 helmet
rElec  .         Dismiss  .     (no cloak)
rCorr  .         Reflect  .     (no gloves)
SustAt .         Harm     .     (no boots)
MR     .....                    (no amulet)
Stlth  ++........               (no ring)
                                m - +4 ring of dexterity

@: not resistant to hostile enchantments, unstealthy
A: no striking features
a: no special abilities


You were on level 2 of the Dungeon.
You were not hungry.

You visited 1 branch of the dungeon, and saw 2 of its levels.

You collected 53 gold pieces.

Inventory:

Hand Weapons
 a - a +0 long sword (weapon)
Missiles
 d - a throwing net (quivered)
Armour
 b - a +0 leather armour (worn)
 c - a +0 helmet (worn)
Jewellery
 m - a +4 ring of dexterity (left hand)
Scrolls
 e - 4 scrolls of identify {unknown}
 i - 2 scrolls of immolation {unknown}
 j - 2 scrolls of enchant armour {unknown}
 k - a scroll of remove curse {unknown}
Potions
 h - a potion of haste {unknown}
 l - a potion of flight {unknown}
Comestibles
 g - a meat ration


   Skills:
 - Level 2.0 Fighting
 + Level 5.5 Long Blades
 - Level 2.0 Throwing
 - Level 3.2 Dodging


You had 2 spell levels left.
You didn't know any spells.

Dungeon Overview and Level Annotations

Branches:
Dungeon (2/15)

Altars:
Makhleb
Zin


Message History

You slash the gnoll!
You kill the gnoll!
You closely miss the gnoll. The gnoll hits you but does no damage.
You completely miss the gnoll. The gnoll hits you with a club.
The gnoll shouts!
You slash the gnoll!
The gnoll is severely wounded.
The gnoll hits you with a club!
You hit the gnoll.
The gnoll is almost dead.
The gnoll hits you with a club.
Throwing (i - inventory):
d - 2 throwing nets (quivered)
Press: ? - help, Shift-Dir - straight line, f - gnoll
Aim: a gnoll, wielding a club (almost dead, unusually strong)
You throw a throwing net.
The throwing net barely misses the gnoll.
The throwing net hits the gnoll.
The gnoll is caught in the net!
The gnoll struggles to escape the net.
The gnoll hits you with a club!
Ouch! That really hurt!
You die...

########## #........#
############## #........#
.............# #........#
.......#####.### #........#
g......#####...###........#
......g(.g@(#...#.......>..
.S.....######...#####.#####
##.#### #..#+### #.# ###
###.....####.# #..
#1#_..._#A##.###.#
###...(.####.#...#
##.+######.###.#
#...###.#.# #.# #...#.#.#)#
#.#


You could see 2 gnolls.

Vanquished Creatures
  A gnoll (D:2)
  A worm (D:1)
  4 dart slugs
  A ball python (D:1)
  2 giant cockroaches (D:2)
  2 goblins (D:1)
  6 hobgoblins
  2 bats
  5 giant newts
  3 kobolds (D:2)
  3 rats
30 creatures vanquished.

Notes
Turn   | Place    | Note
--------------------------------------------------------------
     0 | D:1      | wvc the High Elf Gladiator began the quest for the Orb.
     0 | D:1      | Reached XP level 1. HP: 14/14 MP: 2/2
    40 | D:1      | Reached skill level 4 in Long Blades
   273 | D:1      | Reached XP level 2. HP: 12/19 MP: 3/3
   959 | D:2      | Found a burning altar of Makhleb.
   979 | D:2      | Reached skill level 5 in Long Blades
  1054 | D:2      | Reached XP level 3. HP: 12/24 MP: 4/4
  1331 | D:2      | Noticed an Executioner
  1335 | D:2      | Found a glowing silver altar of Zin.
  1335 | D:2      | Noticed an angel
  1503 | D:2      | Slain by a gnoll

Vault maps used:
D:1:      dpeg_arrival_pits
D:2:      grunt_temple_overflow_order_and_chaos_2, tso_metal_star,
          minmay_overflow_temple_star_quad

Skill      XL: |  1  2 |
---------------+-------+-----
Long Blades    | 4 5 |  5.5
Fighting       | |  2.0
Throwing       | |  2.0
Dodging        | |  3.2

Action                   || total
-------------------------++-------
Melee: Long sword        ||    95
Throw: Throwing net      ||     2
 Stab: Sleeping          ||     2
       Held in net/web   ||     2
  Eat: Bread ration      ||     1
       Chunk             ||     1
Armor: Leather armour    ||    19
Dodge: Dodged            ||    51
